 Dungeon Crawl Stone Soup version 0.31.0-9-g3a7656b989 (webtiles) character file.

Game seed: 14159332550738098940

112 qw the Skirmisher (level 4, -3/25 HPs)
             Began as a Deep Elf Hunter on Feb 2, 2024.
             Incinerated by a bombardier beetle (6 damage)
             ... with a burning spray
             ... on level 3 of the Dungeon.
             The game lasted 00:00:05 (2200 turns).

qw the Skirmisher (Deep Elf Hunter)                 Turns: 2200, Time: 00:00:06

Health: -3/25      AC:  6    Str: 10    XL:     4   Next: 63%
Magic:  6/6        EV:  9    Int: 14    God:
Gold:   67         SH:  0    Dex: 18    Spells: 3/3 levels left

rFire   . . .        a - +0 shortbow
rCold   . . .        (shield currently unavailable)
rNeg    . . .        b - +0 scale mail
rPois   .            (no helmet)
rElec   .            (no cloak)
rCorr   .            (no gloves)
SInv    .            (no boots)
Will    .....        (no amulet)
Stlth   +            (no ring)
HPRegen 0.24/turn    (no ring)
MPRegen 0.10/turn

%: no passive effects
@: on fire, glowing
A: no striking features
a: no special abilities


You were on level 3 of the Dungeon.
You visited 1 branch of the dungeon, and saw 3 of its levels.

You collected 171 gold pieces.
You spent 104 gold pieces at shops.


   Skills:
 - Level 1.5 Fighting
 + Level 8.1 Ranged Weapons
 - Level 2.4 Dodging
 - Level 1.2 Stealth


You had 3 spell levels left.
You didn't know any spells.
Your spell library was empty.

Inventory:

Hand Weapons
 a - a +0 shortbow (weapon)
Armour
 b - a +0 scale mail (worn)
 c - a +0 ring mail
Jewellery
 h - a ring of protection from fire
Scrolls
 g - 3 scrolls of teleportation {unknown}
Potions
 d - a potion of heal wounds
 e - 2 potions of cancellation
 f - 4 potions of enlightenment

Dungeon Overview and Level Annotations

Branches:
Dungeon (3/15)

Altars:

Shops:
D:3 [

Annotations:
D:2 1 runed translucent door, Crazy Yiuf
D:3 2 transporters, qw's ghost, amateur DEHu


Message History

A bombardier beetle comes into view.
Enter note:
Enter note:
Enter note:
Enter note:
Enter note: You shoot an arrow.
The arrow hits the bombardier beetle.
The bombardier beetle is moderately wounded.
You shoot an arrow. The arrow hits the bombardier beetle.
The bombardier beetle is heavily wounded.
You shoot an arrow.
The arrow hits the bombardier beetle but does no damage.
The bombardier beetle is heavily wounded.
The bombardier beetle sprays incendiary fluid at you.
The burning spray hits you.
You are covered in liquid fire!
You shoot an arrow.
The arrow completely misses the bombardier beetle.
The liquid fire burns you!
You shoot an arrow. The arrow hits the bombardier beetle!
The bombardier beetle is almost dead.
The liquid fire burns you!
You shoot an arrow.
The arrow hits the bombardier beetle but does no damage.
The bombardier beetle is almost dead.
The liquid fire burns you!
2196 ||| DRINKING 2 potions of heal wounds.
You feel much better. The liquid fire burns you!
You shoot an arrow. The arrow hits the bombardier beetle!
You kill the bombardier beetle!
The liquid fire burns you!
Your Ranged Weapons skill increases to level 8!
You are on fire!
The liquid fire burns you!
You are on fire!
The liquid fire burns you!
You are on fire!
The liquid fire burns you!
You die...

##..^).#...#..# #^...###.........
.... .##..#.## ####............#
..#. #... #.# #####.#.....######
...# .... ##.###.#.#.#....#....#
###. ###.##......#.#.#.#..#....#
..####^###..###..#...#.......#.#
............###..#.###.......#.#
##........#..........#..###.##.##
#........#.....@................
#........##.....#.....##########
#+........##.......#.###
##........##.........#
##........##.....#####
..##########...... ..# #.####.
#..# #. . .#....


There were no monsters in sight!

Vanquished Creatures
  A bombardier beetle (D:3)
  Terence (D:3)
  An adder (D:3)
  3 bats
  4 endoplasms (D:1)
  4 giant cockroaches (D:1)
  5 hobgoblins
  5 kobolds
  4 quokkas
  7 ball pythons
  2 frilled lizards
  2 goblins
  4 rats
43 creatures vanquished.

Notes
Turn   | Place    | Note
-------+----------+-------------------------------------------
     0 | D:1      | qw the Deep Elf Hunter began the quest for the Orb.
     0 | D:1      | Reached XP level 1. HP: 12/12 MP: 3/3
     0 | D:1      | 0 ||| qw: Version: 0.3-a-155-g5e7d8dd
     0 | D:1      | 0 ||| qw: Game counter: 1851
     0 | D:1      | 0 ||| qw: Melee chars always use a shield: true
     0 | D:1      | 0 ||| qw: God list: Okawaru
     0 | D:1      | 0 ||| qw: Allow faded altars: false
     0 | D:1      | 0 ||| qw: Do Orc after clearing Dungeon:15 true
     0 | D:1      | 0 ||| qw: Do second Lair branch before Depths: true
     0 | D:1      | 0 ||| qw: Lair rune preference: random
     0 | D:1      | 0 ||| qw: Goals: Normal
     0 | D:1      | 0 ||| PLANNING D:1-11
   123 | D:1      | Reached XP level 2. HP: 16/16 MP: 4/4
   126 | D:1      | Reached skill level 6 in Ranged Weapons
   537 | D:1      | Reached XP level 3. HP: 20/20 MP: 5/5
   673 | D:1      | 673 ||| READING 2 scrolls labelled ISHAAG FIRINU.
   673 | D:1      | 673 ||| IDENTIFYING coppery potion
   674 | D:1      | 674 ||| READING scroll of identify.
   674 | D:1      | 674 ||| IDENTIFYING amethyst potion
   675 | D:1      | 675 ||| DROPPING scroll of butterflies.
  1352 | D:2      | Found a runed translucent door.
  1353 | D:2      | Noticed Crazy Yiuf
  1607 | D:2      | 1607 ||| UPGRADING to +0 scale mail.
  1617 | D:2      | 1617 ||| DROPPING +0 leather armour.
  1618 | D:2      | 1618 ||| READING scroll of identify.
  1618 | D:2      | 1618 ||| IDENTIFYING 3 fizzy black potions
  1619 | D:2      | 1619 ||| READING scroll labelled ZUIWKEGHUPP.
  1803 | D:3      | Reached skill level 7 in Ranged Weapons
  1815 | D:3      | Noticed Terence
  1822 | D:3      | HP: 5/20 [Terence/+0 mace (7)]
  1823 | D:3      | 1823 ||| DRINKING 2 potions of heal wounds.
  1825 | D:3      | Killed Terence
  1826 | D:3      | Reached XP level 4. HP: 15/25 MP: 6/6
  1870 | D:3      | Found Muxuujaz's Antique Armour Emporium.
  1879 | D:3      | 1879 ||| SHOPLISTING bloodstained leather armour (182 gold,
                  | have 113).
  1879 | D:3      | 1879 ||| SHOPLISTING embroidered cloak (195 gold, have
                  | 113).
  1879 | D:3      | 1879 ||| SHOPLISTING glowing leather armour (130 gold, have
                  | 113).
  1879 | D:3      | 1879 ||| SHOPLISTING pair of runed boots (195 gold, have
                  | 113).
  1879 | D:3      | 1879 ||| BUYING ring mail (104 gold).
  1879 | D:3      | Bought a ring mail for 104 gold pieces
  1879 | D:3      | 1879 ||| SHOPLISTING runed leather armour (130 gold, have
                  | 9).
  1880 | D:3      | Found a transporter.
  1925 | D:3      | Found a transporter.
  1927 | D:3      | Noticed qw's ghost (amateur DEHu)
  2195 | D:3      | HP: 2/25 [burnt (9)]
  2196 | D:3      | 2196 ||| DRINKING 2 potions of heal wounds.
  2198 | D:3      | Reached skill level 8 in Ranged Weapons
  2200 | D:3      | Incinerated by a bombardier beetle

Levels and vault maps discovered:
D:1:      lightli_arrival_statuegarden, layout_loops_ring
D:2:      layout_basic, nicolae_concentric_dashed_squares_wild,
          uniq_crazy_yiuf_cottage
D:3:      layout_basic, old_standard_altar, cheibrodos_ashenzari_chains,
          gammafunk_ghost_stat_death, serial_shops, shop,
          hangedman_decor_growths, uniq_ijyb, uniq_terence

Skill      XL: |  1  2  3  4 |
---------------+-------------+-----
Ranged Weapons | 6 7 8 |  8.1
Fighting       | |  1.5
Dodging        | |  2.4
Stealth        | |  1.2

Action                     |  1- 3 |  4- 6 || total
---------------------------+-------+-------++-------
   Fire: Shortbow          |   106 |    17 ||   123
    Use: Scroll            |     4 |       ||     4
         Potion            |     1 |     1 ||     2
 Armour: Leather armour    |    13 |       ||    13
         Scale mail        |    12 |     4 ||    16
  Dodge: Dodged            |    20 |     2 ||    22

Table legend:
 A = Non-vault XP
 B = Vault XP
 C = Vault XP percentage of total XP
 D = Non-vault monster count
 E = Vault monster count
 F = Vault count percentage of total count
                 A         B        C        D         E       F
            +---------+---------+-------+---------+---------+-------
      Total |     124 |      36 |  22.5 |      42 |       1 |   2.3
            +---------+---------+-------+---------+---------+-------
        D:1 |      45 |       0 |   0.0 |      27 |       0 |   0.0
        D:2 |      12 |       0 |   0.0 |      10 |       0 |   0.0
        D:3 |      67 |      36 |  35.0 |       5 |       1 |  16.7
            +---------+---------+-------+---------+---------+-------
